RES
CARINGBAH ACES @ REDFERN RAILROADERS
06/09/2022
 
TOP OF THE 1ST
Caringbah Aces batting - Pitching for Redfern Railroaders : RHP Chip Buggins
Pitching: RHP Chip Buggins
Batting: SHB Jess Herbert 0-0: SINGLE (Groundball, 6MS, EV 62.5 MPH) (infield hit)
Batting: RHB Chris Roarty 0-0: Ball
1-0: Ball
2-0: Bunt missed!
2-1: Foul Ball, location: 2F
2-2: DOUBLE (Flyball, 8RXD, EV 102.5 MPH)
Jess Herbert to third
Batting: RHB Toby Bailey 0-0: Ground out 5-3 (Groundball, 56, EV 92.5 MPH)
Jess Herbert scores
Batting: RHB O.P. Coggan 0-0: 2-RUN HOME RUN (Flyball, 89XD, EV 112.5 MPH), Distance : 429 ft
Batting: LHB Michael Yaag 0-0: Ball
1-0: Ball
2-0: Ball
3-0: Called Strike
3-1: Base on Balls
Batting: LHB Steve Kinghorn 0-0: Called Strike
0-1: Fly out, F8 (Line Drive, 8RD, EV 85.0 MPH)
Batting: RHB Mo Cockerill 0-0: Ball
1-0: Foul Ball, location: 2LF
1-1: Ball
2-1: Ball
3-1: Called Strike
3-2: Base on Balls
Michael Yaag to second
Batting: LHB Peyton Latimore 0-0: Called Strike
0-1: Called Strike
0-2: Ball
1-2: Fly out, F5 (Popup, 56S, EV 82.5 MPH)
Top of the 1st over - 3 runs, 3 hits, 0 errors, 2 left on base; Caringbah 3 - Redfern 0
BOTTOM OF THE 1ST
Redfern Railroaders batting - Pitching for Caringbah Aces : RHP Barney Porrett
Pitching: RHP Barney Porrett
Batting: RHB Matthew Joule 0-0: Ball
1-0: Swinging Strike
1-1: Ball
2-1: SINGLE (Line Drive, 78S, EV 106.3 MPH)
Batting: LHB Brent Cannell 0-0: Ball
1-0: Grounds into double play, 6-4-3 (Groundball, 6M, EV 89.4 MPH)
Batting: RHB Jim Bellars 0-0: Ball
1-0: Ground out 6-3 (Groundball, 6MS, EV 63.8 MPH)
Bottom of the 1st over - 0 runs, 1 hit, 0 errors, 0 left on base; Caringbah 3 - Redfern 0
TOP OF THE 2ND
Caringbah Aces batting - Pitching for Redfern Railroaders : RHP Chip Buggins
Batting: RHB Farris Pluckrose 0-0: Ground out 5-3 (Groundball, 56, EV 86.3 MPH)
Batting: SHB Jess Herbert 0-0: Foul Ball, location: 2F
0-1: Ball
1-1: Ball
2-1: Ball
3-1: Swinging Strike
3-2: Strikes out swinging
Batting: RHB Chris Roarty 0-0: Ball
1-0: Ball
2-0: SINGLE (Line Drive, 34D, EV 108.1 MPH)
Batting: RHB Toby Bailey 0-0: Called Strike
0-1: Ball
1-1: Called Strike
1-2: Ball
2-2: SINGLE (Groundball, 6, EV 81.9 MPH) (infield hit)
Chris Roarty to second
Batting: RHB O.P. Coggan 0-0: Called Strike
0-1: Foul Ball, location: 9LDF
0-2: Ball
1-2: Foul Ball, location: 23F
1-2: Ball
2-2: Ball
3-2: Strikes out swinging
Top of the 2nd over - 0 runs, 2 hits, 0 errors, 2 left on base; Caringbah 3 - Redfern 0
BOTTOM OF THE 2ND
Redfern Railroaders batting - Pitching for Caringbah Aces : RHP Barney Porrett
Batting: SHB Nick Creed 0-0: Ball
1-0: Ball
2-0: Ball
3-0: Called Strike
3-1: Ground out 4-3 (Groundball, 4, EV 105.6 MPH)
Batting: RHB Trace Clifford 0-0: Ball
1-0: Ball
2-0: Fly out, F9 (Flyball, 9D, EV 93.8 MPH)
Batting: LHB Jarrad Honeysett 0-0: Ground out 6-3 (Groundball, 6, EV 101.3 MPH)
Bottom of the 2nd over - 0 runs, 0 hits, 0 errors, 0 left on base; Caringbah 3 - Redfern 0
TOP OF THE 3RD
Caringbah Aces batting - Pitching for Redfern Railroaders : RHP Chip Buggins
Batting: LHB Michael Yaag 0-0: Swinging Strike
0-1: Called Strike
0-2: Ball
1-2: Ball
2-2: Foul Ball, location: 7LMF
2-2: Ball
3-2: Foul Ball, location: 2F
3-2: Foul Ball, location: 2F
3-2: Base on Balls
Batting: LHB Steve Kinghorn 0-0: Ball
1-0: Bunted foul
1-1: Bunted foul
1-2: Ball
2-2: Strikes out swinging
Batting: RHB Mo Cockerill 0-0: Swinging Strike
0-1: Ball
Wild Pitch!
Michael Yaag to second
1-1: Ball
2-1: Called Strike
2-2: Fly out, F8 (Flyball, 78D, EV 88.1 MPH)
Batting: LHB Peyton Latimore 0-0: Ground out 6-3 (Groundball, 6, EV 90.0 MPH)
Top of the 3rd over - 0 runs, 0 hits, 0 errors, 1 left on base; Caringbah 3 - Redfern 0
BOTTOM OF THE 3RD
Redfern Railroaders batting - Pitching for Caringbah Aces : RHP Barney Porrett
Batting: RHB John Hockley 0-0: SINGLE (Groundball, 34D, EV 100.6 MPH)
Batting: SHB Les Budgeford 0-0: Called Strike
John Hockley steals 2nd base (no throw)
0-1: Ball
1-1: Fly out, F9 (Flyball, 9, EV 85.0 MPH)
Batting: LHB Terry Nancekivell 0-0: Ball
1-0: Ball
2-0: Ground out 4-3 (Groundball, 4, EV 98.1 MPH)
John Hockley to third
Batting: RHB Matthew Joule 0-0: Ball
1-0: Called Strike
1-1: Ground out 5-3 (Groundball, 56S, EV 89.4 MPH)
Bottom of the 3rd over - 0 runs, 1 hit, 0 errors, 1 left on base; Caringbah 3 - Redfern 0
TOP OF THE 4TH
Caringbah Aces batting - Pitching for Redfern Railroaders : RHP Chip Buggins
Batting: RHB Farris Pluckrose 0-0: Ball
1-0: Swinging Strike
1-1: Ball
2-1: Foul Ball, location: 7LSFF
2-2: Strikes out swinging
Batting: SHB Jess Herbert 0-0: Fly out, F7 (Flyball, 7S, EV 92.5 MPH)
Batting: RHB Chris Roarty 0-0: Fly out, F7 (Flyball, 7S, EV 83.8 MPH)
Top of the 4th over - 0 runs, 0 hits, 0 errors, 0 left on base; Caringbah 3 - Redfern 0
BOTTOM OF THE 4TH
Redfern Railroaders batting - Pitching for Caringbah Aces : RHP Barney Porrett
Batting: LHB Brent Cannell 0-0: Called Strike
0-1: Foul Ball, location: 25FF
0-2: Ball
1-2: Ball
2-2: Ball
3-2: Foul Ball, location: 7LMF
3-2: Strikes out swinging
Batting: RHB Jim Bellars 0-0: Called Strike
0-1: Ball
1-1: Swinging Strike
1-2: Strikes out swinging
Batting: SHB Nick Creed 0-0: Fly out, F8 (Flyball, 8RD, EV 92.5 MPH)
Bottom of the 4th over - 0 runs, 0 hits, 0 errors, 0 left on base; Caringbah 3 - Redfern 0
TOP OF THE 5TH
Caringbah Aces batting - Pitching for Redfern Railroaders : RHP Chip Buggins
Batting: RHB Toby Bailey 0-0: Ball
1-0: Fly out, F7 (Flyball, 7D, EV 93.8 MPH)
Batting: RHB O.P. Coggan 0-0: Fly out, F8 (Flyball, 8RM, EV 86.9 MPH)
Batting: LHB Michael Yaag 0-0: Ball
1-0: Called Strike
1-1: Ball
2-1: Ball
3-1: Called Strike
3-2: Foul Ball, location: 23FF
3-2: Base on Balls
Batting: LHB Steve Kinghorn 0-0: Ball
1-0: SINGLE (Groundball, 4MS, EV 66.9 MPH) (infield hit)
Michael Yaag to second
Batting: RHB Mo Cockerill 0-0: Foul Ball, location: 23F
0-1: Called Strike
0-2: Foul Ball, location: 2F
0-2: Ball
1-2: SINGLE (Groundball, 5D, EV 98.1 MPH)
Michael Yaag to third
Steve Kinghorn to second
Runner from 3rd tries for Home, throw by LF and OUT! 7-2
Top of the 5th over - 0 runs, 2 hits, 0 errors, 2 left on base; Caringbah 3 - Redfern 0
BOTTOM OF THE 5TH
Redfern Railroaders batting - Pitching for Caringbah Aces : RHP Barney Porrett
Batting: RHB Trace Clifford 0-0: Ball
1-0: SINGLE (Groundball, 56S, EV 66.3 MPH) (infield hit)
Batting: LHB Jarrad Honeysett 0-0: Ball
1-0: Bunted foul
1-1: Ball
2-1: Sac Bunt to 15S - play at second, runner OUT! 1-6
Batting: RHB John Hockley 0-0: Ball
1-0: Ball
2-0: Called Strike
2-1: Ball
3-1: Base on Balls
Jarrad Honeysett to second
Batting: SHB Les Budgeford 0-0: Called Strike
0-1: Ball
1-1: Fly out, F8 (Flyball, 78M, EV 97.5 MPH)
Batting: LHB Terry Nancekivell 0-0: Ball
1-0: Ball
2-0: Ball
3-0: Base on Balls
Jarrad Honeysett to third
John Hockley to second
Batting: RHB Matthew Joule 0-0: Fly out, F8 (Flyball, 89S, EV 85.6 MPH)
Bottom of the 5th over - 0 runs, 1 hit, 0 errors, 3 left on base; Caringbah 3 - Redfern 0
TOP OF THE 6TH
Caringbah Aces batting - Pitching for Redfern Railroaders : RHP Chip Buggins
Pitching: RHP Caiden French
Batting: LHB Peyton Latimore 0-0: SOLO HOME RUN (Flyball, 9D, EV 95.6 MPH), Distance : 365 ft
Batting: RHB Farris Pluckrose 0-0: Ball
1-0: Ball
2-0: Called Strike
2-1: SINGLE (Line Drive, 6MD, EV 97.5 MPH)
Batting: SHB Jess Herbert 0-0: Ball
1-0: Fielders Choice at 2nd, 3-6 (Groundball, 34S, EV 91.9 MPH)
Batting: RHB Chris Roarty 0-0: Ball
Jess Herbert steals 2nd base
1-0: Called Strike
1-1: Ball
2-1: SINGLE (Flyball, 34D, EV 86.3 MPH)
Jess Herbert to third
Batting: RHB Toby Bailey 0-0: Ball
1-0: Ball
2-0: Called Strike
2-1: Fielders Choice at 2nd, 4-6 (Groundball, 13, EV 82.5 MPH)
Jess Herbert scores
Batting: RHB O.P. Coggan 0-0: Called Strike
0-1: Ball
1-1: Swinging Strike
1-2: Foul Ball, location: 7LSF
1-2: Ball
2-2: SINGLE (Line Drive, 6D, EV 103.8 MPH)
Toby Bailey to second
Batting: LHB Michael Yaag 0-0: Ball
1-0: Ball
2-0: Foul Ball, location: 3SF
2-1: Called Strike
2-2: Foul Ball, location: 2F
2-2: Fielders Choice at 2nd, 6-4 (Groundball, 6, EV 105.6 MPH)
Top of the 6th over - 2 runs, 4 hits, 0 errors, 2 left on base; Caringbah 5 - Redfern 0
BOTTOM OF THE 6TH
Redfern Railroaders batting - Pitching for Caringbah Aces : RHP Barney Porrett
Batting: LHB Brent Cannell 0-0: Ball
1-0: Fly out, F9 (Line Drive, 89M, EV 101.3 MPH)
Batting: RHB Jim Bellars 0-0: Called Strike
0-1: Ball
1-1: SINGLE (Line Drive, 3D, EV 98.8 MPH)
Batting: SHB Nick Creed 0-0: Ball
1-0: Ball
2-0: Ball
3-0: Base on Balls
Jim Bellars to second
Batting: RHB Trace Clifford 0-0: Foul Ball, location: 5F
0-1: Called Strike
0-2: Ball
1-2: Foul Ball, location: 23F
1-2: Ball
2-2: Foul Ball, location: 3SF
2-2: Ball
3-2: Grounds into double play, 4-6-3 (Groundball, 4, EV 84.4 MPH)
Bottom of the 6th over - 0 runs, 1 hit, 0 errors, 1 left on base; Caringbah 5 - Redfern 0
TOP OF THE 7TH
Caringbah Aces batting - Pitching for Redfern Railroaders : RHP Caiden French
Batting: LHB Steve Kinghorn 0-0: Ball
1-0: Ball
2-0: Called Strike
2-1: Foul Ball, location: 2F
2-2: Ground out U3 (Groundball, 3, EV 83.1 MPH)
Batting: RHB Mo Cockerill 0-0: Called Strike
0-1: Ball
1-1: Ball
2-1: Ball
3-1: Base on Balls
Batting: LHB Peyton Latimore 0-0: Called Strike
0-1: Foul Ball, location: 5FF
0-2: SINGLE (Line Drive, 8RS, EV 107.5 MPH)
Mo Cockerill to second
Batting: RHB Farris Pluckrose 0-0: Swinging Strike
0-1: Ball
1-1: Ball
2-1: Ball
3-1: Base on Balls
Mo Cockerill to third
Peyton Latimore to second
Pitching: RHP Neil Hayne
Batting: SHB Jess Herbert 0-0: Fielders Choice at 2nd, 6-4 (Groundball, 6M, EV 78.1 MPH)
Mo Cockerill scores
Peyton Latimore to third
Batting: RHB Chris Roarty 0-0: Ball
1-0: Fly out, F7 (Flyball, 7, EV 83.1 MPH)
Top of the 7th over - 1 run, 1 hit, 0 errors, 2 left on base; Caringbah 6 - Redfern 0
BOTTOM OF THE 7TH
Redfern Railroaders batting - Pitching for Caringbah Aces : RHP Barney Porrett
Batting: LHB Jarrad Honeysett 0-0: Ball
1-0: Foul Ball, location: 2F
1-1: Ball
2-1: Ball
3-1: Called Strike
3-2: Ground out 6-3 (Groundball, 6MS, EV 65.6 MPH)
Batting: RHB John Hockley 0-0: Ball
1-0: Ball
2-0: Ball
3-0: Base on Balls
Batting: SHB Les Budgeford 0-0: Called Strike
John Hockley steals 2nd base
0-1: Ground out U3 (Groundball, 3, EV 83.1 MPH)
John Hockley to third
Batting: LHB Terry Nancekivell 0-0: Ball
1-0: Called Strike
1-1: Called Strike
1-2: Ball
2-2: Strikes out swinging
Bottom of the 7th over - 0 runs, 0 hits, 0 errors, 1 left on base; Caringbah 6 - Redfern 0
TOP OF THE 8TH
Caringbah Aces batting - Pitching for Redfern Railroaders : RHP Neil Hayne
Batting: RHB Toby Bailey 0-0: Ball
1-0: Ground out 5-3 (Groundball, 15, EV 86.9 MPH)
Batting: RHB O.P. Coggan 0-0: Ball
1-0: Called Strike
1-1: Called Strike
1-2: Ball
2-2: Foul Ball, location: 23F
2-2: Strikes out looking
Batting: LHB Michael Yaag 0-0: Called Strike
0-1: Ball
1-1: Ball
2-1: Foul Ball, location: 23F
2-2: Ball
3-2: Foul Ball, location: 7LDF
3-2: Strikes out swinging
Top of the 8th over - 0 runs, 0 hits, 0 errors, 0 left on base; Caringbah 6 - Redfern 0
BOTTOM OF THE 8TH
Redfern Railroaders batting - Pitching for Caringbah Aces : RHP Barney Porrett
Pitching: RHP Jonathan Cogan
Batting: RHB Matthew Joule 0-0: Ball
1-0: Swinging Strike
1-1: Ball
2-1: Ground out 5-3 (Groundball, 5, EV 101.9 MPH)
Batting: LHB Brent Cannell 0-0: Ball
1-0: SINGLE (Line Drive, 6D, EV 95.0 MPH)
Pinch Hitting: LHB Luke Currall 0-0: Ball
1-0: Swinging Strike
1-1: Ball
2-1: Foul Ball, location: 7LDF
2-2: Ball
3-2: Foul Ball, location: 3F
3-2: Foul Ball, location: 25F
3-2: Base on Balls
Brent Cannell to second
Batting: SHB Nick Creed 0-0: Ball
1-0: Fly out, F7 (Flyball, 7D, EV 97.5 MPH)
Runner from 2nd tags up, SAFE at 3rd, no throw by LF
Batting: SHB Rio Kennerley 0-0: Called Strike
Pickoff Throw to First - Out! 1-3
Bottom of the 8th over - 0 runs, 1 hit, 0 errors, 1 left on base; Caringbah 6 - Redfern 0
TOP OF THE 9TH
Caringbah Aces batting - Pitching for Redfern Railroaders : RHP Neil Hayne
Now at 3B: Luke Currall
Batting: LHB Steve Kinghorn 0-0: Ball
1-0: Called Strike
1-1: Ball
2-1: Called Strike
2-2: Ball
3-2: Foul Ball, location: 3SF
3-2: Base on Balls
Batting: RHB Mo Cockerill 0-0: Ball
1-0: Swinging Strike
1-1: Swinging Strike
1-2: Ball
2-2: Ball
3-2: DOUBLE (Groundball, 5L, EV 103.8 MPH)
Steve Kinghorn to third
Batting: LHB Peyton Latimore 0-0: Called Strike
0-1: Ball
1-1: Foul Ball, location: 3SF
1-2: Ground out 6-3 (Groundball, 6S, EV 68.8 MPH)
Steve Kinghorn scores
Batting: RHB Farris Pluckrose 0-0: Ball
1-0: Ball
2-0: Ball
3-0: Called Strike
3-1: Base on Balls
Pitching: RHP Jamie Murray
Batting: SHB Jess Herbert 0-0: Ball
1-0: Ball
2-0: Swinging Strike
2-1: Called Strike
2-2: Foul Ball, location: 2F
2-2: Fielders Choice at 2nd, 4-6 (Groundball, 4, EV 88.8 MPH)
Mo Cockerill to third
Batting: RHB Chris Roarty 0-0: Ball
1-0: Called Strike
1-1: Called Strike
1-2: SINGLE (Line Drive, 3D, EV 93.8 MPH)
Mo Cockerill scores
Jess Herbert to second
Runner from 2nd tries for 3rd, OUT! 9-5
Top of the 9th over - 2 runs, 2 hits, 0 errors, 1 left on base; Caringbah 8 - Redfern 0
BOTTOM OF THE 9TH
Redfern Railroaders batting - Pitching for Caringbah Aces : RHP Jonathan Cogan
Batting: SHB Rio Kennerley 0-0: Ball
1-0: Ground out 5-3 (Groundball, 56, EV 82.5 MPH)
Batting: LHB Jarrad Honeysett 0-0: Fly out, F8 (Flyball, 8LD, EV 91.9 MPH)
Batting: RHB John Hockley 0-0: Ball
1-0: Foul Ball, location: 2F
1-1: SINGLE (Line Drive, 56D, EV 96.3 MPH)
Batting: SHB Les Budgeford 0-0: Ball
1-0: Ball
2-0: Ball
3-0: Called Strike
3-1: Base on Balls
John Hockley to second
Batting: LHB Terry Nancekivell 0-0: Fly out, F8 (Flyball, 8RD, EV 100.6 MPH)
Bottom of the 9th over - 0 runs, 1 hit, 0 errors, 2 left on base; Caringbah 8 - Redfern 0
Thursday, May 2nd , 2024 - OOTP Baseball 24.9 Build 80